 Dungeon Crawl Stone Soup version 0.27-a0-1149-g4505690ab0 (webtiles) character file.

Game seed: 10311353908304766259

16 HoaS the Shooter (level 2, 0/17 HPs)
             Began as a Gargoyle Hunter on May 13, 2021.
             Slain by a gnoll
             ... wielding a +0 spear
              (2 damage)
             ... on level 1 of the Dungeon.
             The game lasted 00:02:22 (364 turns).

HoaS the Shooter (Gargoyle Hunter)                   Turns: 364, Time: 00:02:23

Health: 0/17       AC:  5    Str: 15    XL:     2   Next: 54%
Magic:  2/2        EV: 11    Int: 11    God:
Gold:   32         SH:  0    Dex: 10    Spells: 1/1 levels left

rFire    . . .     SeeInvis .   b - +0 short sword
rCold    . . .     Faith    .   (no shield)
rNeg     + . .     Spirit   .   c - +0 leather armour
rPois    ∞         Reflect  .   (no helmet)
rElec    +         Harm     .   (no cloak)
rCorr    .         Rampage  .   (no gloves)
Will     .....                  (no boots)
Stlth    +.........             (no amulet)
HPRegen  0.05/turn              (no ring)
MPRegen  0.08/turn              (no ring)

@: no status effects
A: sickness immunity, AC +2, negative energy resistance 1, electricity
resistance, torment resistance 1, petrification resistance
a: no special abilities


You were on level 1 of the Dungeon.
You visited 1 branch of the dungeon, and saw 1 of its levels.

You collected 32 gold pieces.

Inventory:

Hand Weapons
 a - a +1 shortbow
 b - a +0 short sword (weapon)
Missiles
 d - 16 arrows
Armour
 c - a +0 leather armour (worn)


   Skills:
 - Level 2.1 Fighting
 + Level 4.6 Bows
 - Level 1.5 Dodging
 - Level 1.1 Stealth


You had one spell level left.
You didn't know any spells.
Your spell library was empty.

Dungeon Overview and Level Annotations

Branches:
Dungeon (1/15)

Altars:


Innate Abilities, Weirdness & Mutations

You are immune to sickness and miasma.
Your stone body is resilient. (AC +2)
You are immune to poison.
You resist negative energy. (rN+)
You are resistant to electric shocks. (rElec)
You are resistant to unholy torment.
You are immune to petrification.


Message History

The bat hits you but does no damage.
A gnoll comes into view. It is wielding a +0 spear.
The gnoll shouts!
You hit the bat.
You kill the bat!
The kobold throws a stone.
The stone hits you but does no damage.
The kobold throws a stone.
The stone closely misses you.
The kobold throws a stone.
The stone hits you but does no damage.
a - a +1 shortbow (weapon)
You shoot an arrow. The arrow barely misses the gnoll.
The arrow hits the kobold!
You kill the kobold!
You shoot an arrow.
The arrow hits the gnoll but does no damage.
You shoot an arrow. The arrow barely misses the gnoll.
You shoot an arrow.
The arrow hits the gnoll but does no damage.
The gnoll hits you from afar with a +0 spear.
b - a +0 short sword (weapon)
The gnoll hits you but does no damage.
You aren't carrying any potions.
The gnoll hits you with a +0 spear.
You hit the gnoll.
The gnoll is lightly wounded.
The gnoll closely misses you.
You hit the gnoll but do no damage.
The gnoll is lightly wounded.
The gnoll barely misses you.
You closely miss the gnoll.
The gnoll is lightly wounded.
The gnoll hits you with a +0 spear.
* * * LOW HITPOINT WARNING * * *
You hit the gnoll.
The gnoll is moderately wounded.
The gnoll hits you with a +0 spear.
* * * LOW HITPOINT WARNING * * *
You hit the gnoll.
The gnoll is heavily wounded.
The gnoll hits you with a +0 spear.
You die...

################## ######## #
#......######## #
#......#....'.##### ####
######.#....#'#..##
..########.####'#......
###########........#.##...††..#..
#...........######...#....)##'##.
..........((.(.g@......[####..#..
............#######...#'####..##.
........##### ##.##...##..##.
..†.......## #####..##.<.##..##.
........#..# #......############
........#..# ##.####...##########
........##.##...# ###...........
........##....# ############
.............##### ##


You could see a gnoll.

Vanquished Creatures
  A dart slug (D:1)
  3 bats (D:1)
  A goblin (D:1)
  3 jackals (D:1)
  A ball python (D:1)
  A frilled lizard (D:1)
  A kobold (D:1)
  2 rats (D:1)
13 creatures vanquished.

Notes
Turn   | Place    | Note
-------+----------+-------------------------------------------
     0 | D:1      | HoaS the Gargoyle Hunter began the quest for the Orb.
     0 | D:1      | Reached XP level 1. HP: 12/12 MP: 1/1
   257 | D:1      | Reached XP level 2. HP: 17/17 MP: 2/2
   364 | D:1      | Slain by a gnoll

Illustrated notes

Levels and vault maps discovered:
D:1:      dpeg_arrival_short_road, layout_rooms,
          chequers_ecumenical_altar_twisty

Action                   || total
-------------------------++-------
Melee: Short sword       ||    52
 Fire: Shortbow          ||     4
Armor: Leather armour    ||    26
Dodge: Dodged            ||    36

Table legend: (Time is in decaauts)
 A = Elapsed time spent in this place.
 B = Non-inter-level travel time spent in this place.
 C = Inter-level travel time spent in this place.
 D = Time resting spent in this place.
 E = Time spent auto-exploring this place.
 F = Levels seen in this place.
 G = Mean time per level.
                   A        B        C        D        E       F      G
               +--------+--------+--------+--------+--------+-----+--------+
         Total |    368 |    368 |      0 |     94 |    140 |   1 |  368.0 |
       Dungeon |    368 |    368 |      0 |     94 |    140 |   1 |  368.0 |
               +--------+--------+--------+--------+--------+-----+--------+

Top non-repeatable levels by time:
     D:1: 368 daAuts
